 Dungeon Crawl Stone Soup version 0.31-a0-765-g67fe2935dc (webtiles) character file.

Game seed: 14562390668442299691

23 Essalna the Conjurer (level 2, -3/20 HPs)
             Began as a Demonspawn Conjurer on Sept 16, 2023.
             Frozen to death by an endoplasm (5 damage)
             ... on level 2 of the Dungeon.
             The game lasted 00:01:20 (1381 turns).

Essalna the Conjurer (Demonspawn Conjurer)          Turns: 1381, Time: 00:01:20

Health: -3/20      AC:  2    Str:  7    XL:     2   Next: 75%
Magic:  1/5        EV: 12    Int: 19    God:
Gold:   30         SH:  0    Dex: 11    Spells: 5/6 levels left

rFire   . . .        h - +0 short sword
rCold   . . .        (no shield)
rNeg    . . .        a - +0 robe
rPois   .            (helmet restricted)
rElec   .            (no cloak)
rCorr   .            (no gloves)
SInv    .            (no boots)
Will    .....        (no amulet)
Stlth   ++           (no ring)
HPRegen 0.23/turn    (no ring)
MPRegen 0.09/turn

%: no passive effects
@: lethally poisoned (-3 -> -8)
A: demonic magic 1, antennae 1, low MP 1, robust 1
a: no special abilities


You were on level 2 of the Dungeon.
You visited 1 branch of the dungeon, and saw 2 of its levels.

You collected 30 gold pieces.

Inventory:

Hand Weapons
 h - a +0 short sword (weapon)
Armour
 a - a +0 robe (worn)
Scrolls
 c - a scroll of identify {unknown}
 d - 2 scrolls of teleportation {unknown}
 e - 2 scrolls of amnesia {unknown}
 g - a scroll of torment {unknown}
 i - a scroll of poison {unknown}
 j - a scroll of fog {unknown}
 k - a scroll of enchant weapon {unknown}
Potions
 b - a potion of magic


   Skills:
 - Level 1.7 Dodging
 - Level 1.7 Stealth
 + Level 2.6 Spellcasting
 + Level 4.4 Conjurations


You had 5 spell levels left.
You knew the following spells:

 Your Spells              Type           Power      Damage    Failure   Level
a - Magic Dart            Conj           76%        1d6       2%          1

Your spell library contained the following spells:

 Spells                   Type           Power      Damage    Failure   Level
 Searing Ray              Conj           38%        2d5       3%          2
 Dazzling Flash           Conj/Hex       20%        N/A       19%         3
 Fulminant Prism          Conj/Hex       5%         3d7       54%         4
 Iskenderun's Mystic Bla  Conj/Tloc      10%        2d4       54%         4


Dungeon Overview and Level Annotations

Branches:
Dungeon (2/15)

Altars:
Hepliaklqana


Innate Abilities, Weirdness & Mutations

Spells you cast may paralyse adjacent enemies.
You have a pair of small antennae on your head.
Your magical capacity is low. (-10% MP)
You are robust. (+10% HP)


Message History

You are out of magic!
You are out of magic!
You are out of magic!
You are out of magic!
You hit the adder. Your punch misses the adder.
The adder is heavily wounded.
The adder closely misses you.
You barely miss the adder. Your punch misses the adder.
The adder is heavily wounded.
The adder bites you.
You are poisoned.
The adder poisons you! The adder barely misses you.
The endoplasm hits you but does no damage.
Your magical contamination has completely faded away.
You closely miss the adder.
The adder is heavily wounded.
You feel sick. The adder misses you. The endoplasm freezes you.
You are frozen.
You hit the adder.
The adder is heavily wounded.
You feel sick. The adder bites you.
You are more poisoned.
The adder poisons you! The endoplasm closely misses you.
You miss the adder.
The adder is heavily wounded.
You feel very sick. The adder closely misses you. The adder misses you.
The endoplasm freezes you.
You are frozen.
* * * LOW HITPOINT WARNING * * *
It was a potion of mutation.
You feel extremely strange. A pair of antennae grows on your head!
You feel less energetic.
You feel robust.
* * * LOW HITPOINT WARNING * * *
You feel sick. The adder bites you.
* * * LOW HITPOINT WARNING * * *
The endoplasm freezes you.
You are frozen.
You die...

#........#
###........#
..........+
#..).....#
#........#
#........#
#...J....#
#...S@...#
#........#
#........#
.............
###########...#
...# ..# .# ###


You could see an adder and an endoplasm.

Vanquished Creatures
  3 dart slugs (D:1)
  2 ball pythons (D:1)
  2 endoplasms (D:1)
  A giant cockroach (D:2)
  A quokka (D:1)
  4 bats
  A goblin (D:1)
  2 kobolds (D:1)
  3 rats
19 creatures vanquished.

Notes
Turn   | Place    | Note
-------+----------+-------------------------------------------
     0 | D:1      | Essalna the Demonspawn Conjurer began the quest for the
                  | Orb.
     0 | D:1      | Reached XP level 1. HP: 13/13 MP: 3/3
   278 | D:1      | Gained mutation: Spells you cast may paralyse adjacent
                  | enemies. [demonic ancestry]
   278 | D:1      | Reached XP level 2. HP: 19/19 MP: 1/5
  1370 | D:2      | Found a hazy altar of Hepliaklqana.
  1381 | D:2      | Gained mutation: You have a pair of small antennae on your
                  | head. [potion of mutation]
  1381 | D:2      | Gained mutation: Your magical capacity is low. (-10% MP)
                  | [potion of mutation]
  1381 | D:2      | Gained mutation: You are robust. (+10% HP) [potion of
                  | mutation]
  1381 | D:2      | Frozen to death by an endoplasm

Illustrated notes

Levels and vault maps discovered:
D:1:      dpeg_arrival_rhombi, layout_basic, hangedman_feature_mirror
D:2:      layout_basic, basic_altar

Action                     || total
---------------------------++-------
  Melee: Unarmed           ||     2
         Short sword       ||     9
   Cast: Magic Dart        ||    38
    Use: Potion            ||     1
   Stab: Paralysed         ||     1
 Armour: Robe              ||    13
  Dodge: Dodged            ||    10

Table legend: (Time is in decaauts)
 A = Elapsed time spent in this place.
 B = Non-inter-level travel time spent in this place.
 C = Inter-level travel time spent in this place.
 D = Time resting spent in this place.
 E = Time spent auto-exploring this place.
 F = Levels seen in this place.
 G = Mean time per level.
                   A        B        C        D        E       F      G
               +--------+--------+--------+--------+--------+-----+--------+
         Total |   1380 |   1336 |     44 |      0 |   1233 |   2 |  690.0 |
       Dungeon |   1380 |   1336 |     44 |      0 |   1233 |   2 |  690.0 |
               +--------+--------+--------+--------+--------+-----+--------+

Top non-repeatable levels by time:
     D:1: 1298 daAuts
     D:2: 81 daAuts
